 Dungeon Crawl Stone Soup version 0.22-a0-553-g9358b0b (webtiles) character file.

112 reaverb the Vexing (level 4, -1/24 HPs)
             Began as a Deep Elf Enchanter on June 26, 2018.
             Was an Initiate of Elyvilon.
             Slain by a gnoll
             ... wielding a +0 whip
              (5 damage)
             ... on level 2 of the Dungeon.
             The game lasted 00:10:56 (3711 turns).

reaverb the Vexing (Deep Elf Enchanter)             Turns: 3711, Time: 00:10:56

Health: -1/24      AC:  4    Str:  5    XL:     4   Next: 64%
Magic:  6/10       EV: 14    Int: 21    God:    Elyvilon [......]
Gold:   189        SH:  0    Dex: 15    Spells: 0/9 levels left

rFire    . . .     SeeInvis .   a - +1 dagger
rCold    . . .     Gourm    .   (no shield)
rNeg     . . .     Faith    .   b - +0 robe
rPois    .         Spirit   .   (no helmet)
rElec    .         Reflect  .   c - +0 cloak
rCorr    .         Harm     .   l - +0 pair of gloves
MR       .....                  (no boots)
Stlth    ++........             (no amulet)
HPRegen  0.08/turn              j - +1 ring of evasion
MPRegen  0.12/turn              (no ring)

@: very slightly contaminated
A: no striking features
a: Renounce Religion


You were on level 2 of the Dungeon.
You worshipped Elyvilon.
Elyvilon was noncommittal.
You were near starving.

You visited 1 branch of the dungeon, and saw 3 of its levels.

You collected 189 gold pieces.

Notes
Turn   | Place    | Note
-------+----------+-------------------------------------------
     0 | D:1      | reaverb the Deep Elf Enchanter began the quest for the Orb.
     0 | D:1      | Reached XP level 1. HP: 10/10 MP: 6/6
   300 | D:1      | Reached XP level 2. HP: 15/15 MP: 8/8
   304 | D:1      | Learned a level 2 spell: Ensorcelled Hibernation
   626 | D:1      | Huge Dmg: 3 Dmg
  1429 | D:2      | Reached XP level 3. HP: 19/19 MP: 3/9
  2120 | D:2      | Found a glowing golden altar of the Shining One.
  2122 | D:2      | Found a white marble altar of Elyvilon.
  2397 | D:2      | Found a radiant altar of Vehumet.
  2586 | D:2      | Reached XP level 4. HP: 20/24 MP: 7/10
  2920 | D:2      | Found a blossoming altar of Fedhas.
  2985 | D:3      | Learned a level 3 spell: Confuse
  2989 | D:3      | Learned a level 3 spell: Dazzling Spray
  3529 | D:3      | Huge Dmg: 5 Dmg
  3660 | D:2      | Became a worshipper of Elyvilon the Healer
  3668 | D:3      | Huge Dmg: 13 Dmg
  3671 | D:3      | Huge Dmg: 4 Dmg
  3711 | D:2      | Huge Dmg: 3 Dmg
  3711 | D:2      | Slain by a gnoll

Inventory:

Hand Weapons
 a - a +1 dagger (weapon)
 n - a cursed -1 short sword
Armour
 b - a +0 robe (worn)
 c - a +0 cloak (worn)
 f - a +0 buckler
 l - a +0 pair of gloves (worn)
Jewellery
 j - a +1 ring of evasion (left hand)
Scrolls
 e - 2 scrolls of teleportation {unknown}
 h - 2 scrolls of fog {unknown}
 i - 3 scrolls of remove curse {unknown}
 m - 4 scrolls of identify {unknown}
 o - 2 scrolls of amnesia {unknown}
Potions
 g - a potion of agility {unknown}
 k - a potion of mutation {unknown}
 p - a potion of magic {unknown}
 q - a potion of might {unknown}
 r - a potion of berserk rage {unknown}
Comestibles
 d - 6 rations

Table legend:
 A = Turns spent in this place as a percentage of turns spent in the entire game.
 B = Non-inter-level travel turns spent in this place as a percentage of non-inter-level travel turns spent in the entire game.
 C = Inter-level travel turns spent in this place as a percentage of turns spent in this place.
 D = Turns resting spent in this place as a percentage of non-inter-level travel turns spent in this place.
 E = Turns spent auto-exploring this place as a percentage of non-inter-level travel turns spent in this place.
 F = Non-inter-level travel turns spent in this place divided by the number of levels of this place that you've seen.
                   A       B       C       D       E      F
               +-------+-------+-------+-------+-------+----------------------
         Total | 100.0 | 100.0 |   5.3 |  36.5 |  15.7 | 1171.0
       Dungeon | 100.0 | 100.0 |   5.3 |  36.5 |  15.7 | 1171.0
               +-------+-------+-------+-------+-------+----------------------


   Skills:
 - Level 4.1 Short Blades
 - Level 2.4 Dodging
 - Level 3.6 Stealth
 - Level 3.0 Spellcasting
 + Level 4.7 Hexes


You couldn't memorise any spells.
You knew the following spells:

 Your Spells              Type           Power        Failure   Level  Hunger
a - Corona                Hex            ###....      1%          1    None
b - Ensorcelled Hibernat  Hex/Ice        ##....       8%          2    ##.....
c - Confuse               Hex            ###.....     5%          3    ###....
d - Dazzling Spray        Conj/Hex       ##....       16%         3    ###....

Your spell library contained the following spells:

 Spells                   Type           Power        Failure   Level  Hunger
 Tukima's Dance           Hex            ###.....     5%          3    ###....


Dungeon Overview and Level Annotations

Branches:
Dungeon (3/15)

Altars:
Elyvilon
Fedhas
Vehumet
The Shining One


Message History

Press: ? - help, Shift-Dir - straight line, f - orc
Aim: an orc, wielding a short sword (hasn't noticed you, chance to defeat MR: 61%)
The orc shouts!
The orc resists with significant effort.
The orc hits you with a short sword.
Damage: -8%(-2hp) hp: 92%(22hp)
Casting: Ensorcelled Hibernation (safe; 9% risk of failure)
Confirm with . or Enter, or press ? or * to list all spells.
Aiming: Ensorcelled Hibernation (safe; 9% risk of failure)
Press: ? - help, Shift-Dir - straight line, f/p - orc
Aim: an orc, wielding a short sword (chance to defeat MR: 61%)
The orc looks drowsy...
The gnoll barely misses you.
The helpless orc fails to defend itself.
You impale the orc!!
You kill the orc!
The gnoll hits you.
Damage: -17%(-4hp) hp: 75%(18hp)
Casting: Ensorcelled Hibernation (safe; 8% risk of failure)
Confirm with . or Enter, or press ? or * to list all spells.
Aiming: Ensorcelled Hibernation (safe; 8% risk of failure)
Press: ? - help, Shift-Dir - straight line, f - gnoll
Aim: a gnoll (chance to defeat MR: 51%)
Okay, then.
Casting: Ensorcelled Hibernation (safe; 8% risk of failure)
Confirm with . or Enter, or press ? or * to list all spells.
Aiming: Ensorcelled Hibernation (safe; 8% risk of failure)
Press: ? - help, Shift-Dir - straight line, f - gnoll
Aim: a gnoll (chance to defeat MR: 51%)
The gnoll looks drowsy...
The helpless gnoll fails to defend itself.
You impale the gnoll!!
You kill the gnoll!
Casting: Ensorcelled Hibernation (safe; 8% risk of failure)
Confirm with . or Enter, or press ? or * to list all spells.
Aiming: Ensorcelled Hibernation (safe; 8% risk of failure)
Press: ? - help, Shift-Dir - straight line, f - gnoll
Aim: a gnoll, wielding a whip (chance to defeat MR: 52%)
The gnoll looks drowsy...
The gnoll hits you from afar with a spear.
The gnoll shouts!
You see here a gnoll corpse.
Huge Dmg: -20%(-5hp) hp: 55%(13hp)
The gnoll closely misses you.
There is a stone staircase leading up here.
You climb upwards.
There is a stone staircase leading down here.
Unknown command.
Unknown command.
q - an emerald potion
r - a fizzy ruby potion You start resting.
Magic restored.
You are near starving!
You start resting.
HP restored.
There is a white marble altar of Elyvilon here.
You kneel at the altar of Elyvilon.
Elyvilon welcomes you!
There is a stone staircase leading down here.
You climb downwards.
The gnoll barely misses you. The gnoll hits you but does no damage.
The gnoll barely misses you. The gnoll hits you with a whip.
The gnoll hits you with an enchanted spear.
There is a stone staircase leading up here.
Damage: -16%(-4hp) hp: 84%(20hp)
The gnoll hits you with a spear. The gnoll hits you with a whip.
The gnoll hits you from afar with an enchanted spear!
* * * LOW HITPOINT WARNING * * *
Huge Dmg: -54%(-13hp) hp: 30%(7hp)
The gnoll barely misses you. The gnoll closely misses you.
The gnoll hits you from afar with a spear.
* * * LOW HITPOINT WARNING * * *
Huge Dmg: -17%(-4hp) hp: 17%(4hp)
Okay, then.
You see here a gnoll corpse.
There is a stone staircase leading down here.
The frilled lizard unfolds its giant frill.
There is a stone staircase leading up here.
The gnoll completely misses you.
You climb upwards.
There is a stone staircase leading down here.
Casting: Ensorcelled Hibernation (safe; 8% risk of failure)
Confirm with . or Enter, or press ? or * to list all spells.
Aiming: Ensorcelled Hibernation (safe; 8% risk of failure)
Press: ? - help, Shift-Dir - straight line, f - gnoll
Aim: a gnoll, wielding a whip (chance to defeat MR: 52%)
The gnoll resists with significant effort.
The gnoll hits you with a whip.
* * * LOW HITPOINT WARNING * * *
Huge Dmg: -13%(-3hp) hp: 17%(4hp)
Casting: Ensorcelled Hibernation (safe; 8% risk of failure)
Confirm with . or Enter, or press ? or * to list all spells.
Aiming: Ensorcelled Hibernation (safe; 8% risk of failure)
Press: ? - help, Shift-Dir - straight line, f/p - gnoll
Aim: a gnoll, wielding a whip (chance to defeat MR: 52%)
You miscast Ensorcelled Hibernation.
You are very lightly contaminated with residual magic.
You feel a strange surge of energy! The gnoll hits you with a whip.
You die...

.......###.####8###_### ##..# #
###.##.#...# ###########.#.#####
###.##.#.#.######......#.###.....
..................#####...#.#####
###..#.#.########## #.##.## #
.......#.# #.#### # ###..#.#.#
#.# # .....#.#.# ############.# #
.........# #...g@.......# #
.........# #.############ #
.........# #.############### ##
##...###.###.##............# #.
#...# #.....##.##########.# #.
#...# ########.# #######.#####.
##...# #.# #..........)## ..)..#
#.# #.#####....># .....# #.# #.#
#.#####


You could see a gnoll.

Table legend:
 A = Kills in this place as a percentage of kills in entire the game.
 B = Kills by you in this place as a percentage of kills by you in the entire game.
 C = Kills by friends in this place as a percentage of kills by friends in the entire game.
 D = Other kills in this place as a percentage of other kills in the entire game.
 E = Experience gained in this place as a percentage of experience gained in the entire game.
 F = Experience gained in this place divided by the number of levels of this place that you have seen.
                   A       B       C       D       E      F
               +-------+-------+-------+-------+-------+----------------------
         Total | 100.0 | 100.0 |   N/A |   N/A | 100.0 |  53.7
       Dungeon | 100.0 | 100.0 |   N/A |   N/A | 100.0 |  53.7
               +-------+-------+-------+-------+-------+----------------------

Vanquished Creatures
  A gnoll (D:3)
  3 adders
  A worm (D:2)
  2 dart slugs
  2 orcs
  7 bats
  6 giant cockroaches
  6 goblins
  10 hobgoblins
  6 jackals
  A quokka (D:3)
  5 frilled lizards
  4 kobolds
  11 rats
65 creatures vanquished.

Action                   |  1- 3 |  4- 6 || total
-------------------------+-------+-------++-------
Melee: Dagger            |   135 |    38 ||   173
 Cast: Corona            |     6 |       ||     6
       Ensorcelled Hiber |    39 |    22 ||    61
 Stab: Sleeping          |    30 |    16 ||    46
  Eat: Ration            |     1 |       ||     1
       Chunk             |     3 |     3 ||     6
Armor: Robe              |    39 |    18 ||    57
Dodge: Dodged            |   104 |    67 ||   171
